 Dungeon Crawl Stone Soup version 0.28-a0-863-g8cecda6153 (webtiles) character file.

Game seed: 16715129334327462527

62 patchburns1 the Grave Robber (level 3, -4/26 HPs)
             Began as a Demonspawn Necromancer on Nov 16, 2021.
             Slain by a gnoll (11 damage)
             ... on level 2 of the Dungeon.
             The game lasted 00:14:42 (2183 turns).

patchburns1 the Grave Robber (DsNe)                 Turns: 2183, Time: 00:14:43

Health: -4/26      AC:  3    Str:  8    XL:     3   Next: 85%
Magic:  3/7        EV: 12    Int: 17    God:
Gold:   45         SH:  0    Dex: 17    Spells: 6/7 levels left

rFire   . . .      SeeInvis .   e - +0 dagger
rCold   . . .      Faith    .   (no shield)
rNeg    . . .      Spirit   .   a - +0 robe
rPois   .          Reflect  .   j - +0 helmet
rElec   .          Harm     .   (no cloak)
rCorr   .          Rampage  .   (no gloves)
Will    .....                   (no boots)
Stlth   ++++......              (no amulet)
HPRegen 0.08/turn               (no ring)
MPRegen 0.10/turn               (no ring)

@: no status effects
A: thin skeletal structure 2
a: no special abilities


You were on level 2 of the Dungeon.
You visited 1 branch of the dungeon, and saw 2 of its levels.

You collected 45 gold pieces.

Inventory:

Hand Weapons
 e - a +0 dagger (weapon)
Missiles
 b - 41 bolts
 f - 44 stones
 g - 15 poisoned darts
Armour
 a - a +0 robe (worn)
 j - a +0 helmet (worn)
Scrolls
 d - a scroll of fog {unknown}
 h - a scroll of noise {unknown}
 i - a scroll of vulnerability {unknown}
Potions
 k - a potion of curing


   Skills:
 + Level 1.0 Fighting
 + Level 2.0 Dodging
 + Level 2.0 Stealth
 * Level 2.9 Spellcasting
 * Level 5.0 Necromancy


You had 6 spell levels left.
You knew the following spells:

 Your Spells              Type           Power      Damage    Failure   Level
a - Pain                  Necr           76%        1d7       2%          1

Your spell library contained the following spells:

 Spells                   Type           Power      Damage    Failure   Level
 Animate Skeleton         Necr           38%        N/A       2%          1
 Vampiric Draining        Necr           19%        2d7       7%          3
 Animate Dead             Necr           9%         N/A       22%         4
 Tukima's Dance           Hex            2%         N/A       47%         3
 Agony                    Necr           19%        N/A       54%         5
 Passage of Golubria      Tloc           2%         N/A       87%         4
 Yara's Violent Unravell  Hex/Tmut       1%         3d3       99%         5


Dungeon Overview and Level Annotations

Branches:
Dungeon (2/15)

Altars:


Innate Abilities, Weirdness & Mutations

You have a moderately thin skeletal structure. (Dex +4, Stealth++)


Message History

Aim: a gnoll, wielding a +0 club (severely wounded, chance to affect: 84%)
The gnoll writhes in agony.
You kill the gnoll!
Your Necromancy skill increases to level 5!
You start resting.
Magic restored.
You start resting.
HP restored.
There is a stone staircase leading down here.
You climb downwards.
There is a stone staircase leading up here.
Casting: Pain (safe; 2% risk of failure)
Confirm with . or Enter, or press ? or * to list all spells.
Aiming: Pain (safe; 2% risk of failure)
Press: ? - help, Shift-Dir - straight line, f - gnoll
Aim: a gnoll, wielding a +0 halberd (chance to affect: 84%)
The gnoll writhes in agony.
Casting: Pain (safe; 2% risk of failure)
Confirm with . or Enter, or press ? or * to list all spells.
Aiming: Pain (safe; 2% risk of failure)
Press: ? - help, Shift-Dir - straight line, f/p - gnoll
Aim: a gnoll, wielding a +0 halberd (moderately wounded, chance to affect: 84%)
The gnoll writhes in agony.
Casting: Pain (safe; 2% risk of failure)
Confirm with . or Enter, or press ? or * to list all spells.
Aiming: Pain (safe; 2% risk of failure)
Press: ? - help, Shift-Dir - straight line, f/p - gnoll
Aim: a gnoll, wielding a +0 halberd (severely wounded, chance to affect: 84%)
The gnoll writhes in agony.
The gnoll hits you from afar with a +0 halberd.
Casting: Pain (safe; 2% risk of failure)
Confirm with . or Enter, or press ? or * to list all spells.
Aiming: Pain (safe; 2% risk of failure)
Press: ? - help, Shift-Dir - straight line, f/p - gnoll
Aim: a gnoll, wielding a +0 halberd (severely wounded, chance to affect: 84%)
The gnoll writhes in agony.
The gnoll hits you from afar with a +0 halberd!
* * * LOW HITPOINT WARNING * * *
The gnoll hits you from afar with a +0 halberd!
You die...

##....#####......
#............#
#.....###..#.####
#.###...........##
###.##.............# .
##...................
....$...#...............
..##....................
...#.###.......)@.......
.......##.....g.........
..8..#..#.....[.........
.....##..##...........#.
...†.).#....##.#..#####
.....#g###..##.....#
....##..!.....##...#
.... #..K..##........
..8 #.###<...##..##..


You could see a gnoll.

Vanquished Creatures
  2 gnolls
  An orc (D:2)
  4 bats
  3 endoplasms (D:1)
  2 giant cockroaches (D:1)
  4 goblins
  7 hobgoblins
  5 quokkas
  A ball python (D:2)
  2 frilled lizards (D:1)
  2 kobolds (D:1)
  5 rats (D:1)
38 creatures vanquished.

Vanquished Creatures (others)
  A fungus (D:1)
  3 plants (D:1)
4 creatures vanquished.

Grand Total: 42 creatures vanquished

Notes
Turn   | Place    | Note
-------+----------+-------------------------------------------
     0 | D:1      | patchburns1 the Demonspawn Necromancer began the quest for
                  | the Orb.
     0 | D:1      | Reached XP level 1. HP: 13/13 MP: 3/3
   126 | D:1      | Found a faded altar of an unknown god.
   358 | D:1      | Gained mutation: You have a somewhat thin skeletal
                  | structure. (Dex +2, Stealth+) [demonic ancestry]
   358 | D:1      | Reached XP level 2. HP: 17/19 MP: 3/5
  1401 | D:1      | Gained mutation: You have a moderately thin skeletal
                  | structure. (Dex +4, Stealth++) [demonic ancestry]
  1401 | D:1      | Reached XP level 3. HP: 23/25 MP: 3/6
  1935 | D:2      | Reached skill level 1 in Fighting
  1963 | D:1      | Reached skill level 5 in Necromancy
  2183 | D:2      | Slain by a gnoll

Illustrated notes

Levels and vault maps discovered:
D:1:      tarquinn_simple_flora_water_f, layout_rooms,
          dreamdust_ecumenical_altar_grove, amethyst_killhole
D:2:      layout_rooms, st_stairs_1

Skill      XL: |  1  2  3 |
---------------+----------+-----
Fighting       | 1 |  1.0
Dodging        | 2 |  2.0
Stealth        | 2 |  2.0
Necromancy     | 5 |  5.0
Spellcasting   | |  2.9

Action                   || total
-------------------------++-------
Melee: Dagger            ||    30
Throw: Dart              ||     2
 Cast: Pain              ||    66
  Use: Scroll            ||     2
 Stab: Sleeping          ||     1
Armor: Robe              ||     2
Dodge: Dodged            ||    18

Table legend: (Time is in decaauts)
 A = Elapsed time spent in this place.
 B = Non-inter-level travel time spent in this place.
 C = Inter-level travel time spent in this place.
 D = Time resting spent in this place.
 E = Time spent auto-exploring this place.
 F = Levels seen in this place.
 G = Mean time per level.
                   A        B        C        D        E       F      G
               +--------+--------+--------+--------+--------+-----+--------+
         Total |   2184 |   2184 |      0 |   1333 |    200 |   2 | 1092.0 |
       Dungeon |   2184 |   2184 |      0 |   1333 |    200 |   2 | 1092.0 |
               +--------+--------+--------+--------+--------+-----+--------+

Top non-repeatable levels by time:
     D:1: 2054 daAuts
     D:2: 129 daAuts
